 Dungeon Crawl Stone Soup version 0.14-a0-2327-g5ff15cf (webtiles) character file.

1333 plaisi the Bolt Thrower (level 8, 0/67 HPs)
             Began as a Minotaur Hunter on Jan 29, 2014.
             Was a Believer of Okawaru.
             Killed from afar by an orc wizard (3 damage)
             ... with a magic dart
             ... on Level 5 of the Dungeon.
             The game lasted 00:32:45 (6184 turns).

plaisi the Bolt Thrower (Minotaur Hunter)           Turns: 6184, Time: 00:32:46

HP   0/67        AC  5     Str 18      XL: 8   Next: 16%
MP   0/3         EV 13     Int  8      God: Okawaru [**....]
Gold 173         SH  0     Dex 12      Spells:  0 memorised,  7 levels left

rFire  . . .     SeeInvis .     b - +2,+3 crossbow
rCold  . . .     Clarity  .     d - +0 leather armour
rNeg   . . .     Conserve .     (no shield)
rPois  +         rCorr    .     (helmet restricted)
rElec  .         rRot     .     (no cloak)
SustAb . .       Spirit   +     (no gloves)
rMut   .         Warding  .     (no boots)
Saprov . . .     Stasis   .     g - amulet of guardian spirit
MR     .....                    u - ring of poison resistance
                                i - +2 ring of protection

@: not resistant to hostile enchantments, unstealthy
A: retaliatory headbutt, horns 2
a: Heroism, Renounce Religion


You were on level 5 of the Dungeon.
You worshipped Okawaru.
Okawaru was pleased with you.
You were not hungry.

You visited 1 branch of the dungeon, and saw 5 of its levels.

You collected 173 gold pieces.

Inventory:

Hand weapons
 a - a +0,+3 dwarven hand axe
 b - a +2,+3 crossbow (weapon)
Missiles
 c - 20 bolts (quivered)
Armour
 d - a +0 leather armour (worn)
 l - a +0 orcish scale mail
 x - a +0 cloak
Magical devices
 q - a wand of lightning (6)
 v - a wand of slowing (9)
Comestibles
 j - a chunk of orc flesh
 p - a meat ration
 r - a bread ration
Scrolls
 h - a scroll of amnesia {unknown}
 m - a scroll of fog
 o - 3 scrolls of remove curse
 w - 2 scrolls of identify
 z - a scroll of noise {unknown}
Jewellery
 e - an uncursed ring of wizardry {unknown}
 f - an uncursed amulet of guardian spirit
 g - an amulet of guardian spirit (around neck)
 i - a +2 ring of protection (left hand)
 u - a ring of poison resistance (right hand)
 y - a +3 ring of intelligence {unknown}
Potions
 k - a potion of invisibility {unknown}
 n - 5 potions of curing
 s - 4 potions of might
 t - a potion of flight {unknown}


   Skills:
 * Level 4.3 Fighting
 + Level 2.8 Axes
 + Level 7.9 Crossbows
 + Level 3.8 Armour
 + Level 5.3 Dodging
 + Level 2.2 Stealth


You had 7 spell levels left.
You didn't know any spells.

Dungeon Overview and Level Annotations

Branches:
Dungeon (5/16)             Temple (0/1) D:5

Altars:
Cheibriados
Nemelex Xobeh
Okawaru


Innate Abilities, Weirdness & Mutations

You reflexively headbutt those who attack you in melee.
You have a pair of horns on your head.


Message History

* * * LOW HITPOINT WARNING * * *
The crimson imp hits you with an orcish war axe.
* * * LOW HITPOINT WARNING * * *
Firing (i - inventory):
c - 21 bolts (quivered)
Press: ? - help, Shift-Dir - straight line, f/p - orc wizard
Aim: an orc wizard, wielding an orcish dagger and wearing an orcish robe (moving very quickly)
You shoot a bolt. The bolt hits the orc wizard.
You kill the orc wizard!
Okawaru accepts your kill. The crimson imp barely misses you.
You furiously retaliate!
You headbutt the crimson imp.
Something drops an orcish dagger.
Something picks up an uncursed orcish dagger.
The crimson imp hits you with an orcish war axe!
* * * LOW HITPOINT WARNING * * *
The magic dart hits you!
* * * LOW HITPOINT WARNING * * *
The crimson imp blinks!
The magic dart hits you!
You die...

#........................#
#..................5.....#
#........................#
####...)................>#
#....................>#
####....................>#
#...........o............#
#.......).....⌠....).....#
#.........@..............#
#...........⌠.>.⌠........#
#........................# ####
##.............⌠..).......#
...###................)........#
......)........................#
.....<..............)....#.....#
....................)...#.##(..#
............................#..#


You could see an orc.

Vanquished Creatures
  Grinder (D:3)
  An ice beast (D:5)
  An ogre (D:3)
  A centaur (D:4)
  A goliath beetle (D:5)
  An orc priest (D:3)
  2 hounds (D:4)
  2 iguanas (D:4)
  A centaur skeleton (D:5)
  A scorpion (D:4)
  3 worker ants
  4 orc wizards
  Terence (D:3)
  5 gnolls
  5 adders
  An orc skeleton (D:4)
  2 giant mites
  3 worms
  4 giant geckos
  An ooze (D:2)
  18 orcs
  A bat skeleton (D:4)
  9 giant cockroaches
  11 hobgoblins
  2 jackals (D:3)
  9 kobolds
  3 quokkas
  13 bats
  8 giant newts
  17 goblins
  14 rats
146 creatures vanquished.

Notes
Turn   | Place    | Note
--------------------------------------------------------------
     0 | D:1      | plaisi, the Minotaur Hunter, began the quest for the Orb.
     0 | D:1      | Reached XP level 1. HP: 16/16 MP: 1/1
   130 | D:1      | Reached XP level 2. HP: 23/23 MP: 1/1
   207 | D:1      | Reached skill level 5 in Crossbows
   933 | D:1      | Reached XP level 3. HP: 28/28 MP: 2/2
  1394 | D:2      | Reached skill level 1 in Stealth
  2077 | D:2      | Reached XP level 4. HP: 32/36 MP: 2/2
  2277 | D:3      | Reached skill level 1 in Armour
  2282 | D:3      | Found a sparkling altar of Nemelex Xobeh.
  2498 | D:3      | Reached skill level 1 in Axes
  2505 | D:3      | Found an iron altar of Okawaru.
  2515 | D:3      | Became a worshipper of Warmaster Okawaru
  2644 | D:3      | Noticed an ogre
  2655 | D:3      | Killed an ogre
  2655 | D:3      | Reached XP level 5. HP: 31/42 MP: 2/2
  2978 | D:3      | HP: 2/42 [orc priest/glowing orcish mace (1)]
  2980 | D:3      | Acquired Okawaru's first power
  3002 | D:3      | Noticed Grinder
  3020 | D:3      | Paralysed by Grinder for 3 turns
  3079 | D:3      | Paralysed by Grinder for 2 turns
  3085 | D:3      | Killed Grinder
  3085 | D:3      | Reached skill level 6 in Crossbows
  3085 | D:3      | Reached XP level 6. HP: 18/51 MP: 1/3
  3300 | D:3      | Noticed Terence
  3320 | D:3      | Killed Terence
  3608 | D:4      | Reached XP level 7. HP: 42/57 MP: 3/3
  4534 | D:4      | Found a snail-covered altar of Cheibriados.
  4988 | D:5      | Entered Level 5 of the Dungeon
  5036 | D:4      | Reached skill level 7 in Crossbows
  5337 | D:5      | Found a staircase to the Ecumenical Temple.
  5425 | D:5      | Reached skill level 5 in Dodging
  5593 | D:5      | Reached XP level 8. HP: 53/66 MP: 3/3
  6176 | D:5      | HP: 1/67 [something/magic dart (6)]
  6184 | D:5      | Killed from afar by an orc wizard

Action                   |  1- 3 |  4- 6 |  7- 9 || total
-------------------------+-------+-------+-------++-------
Melee: Hand axe          |    74 |    75 |    84 ||   233
 Fire: Crossbow          |    41 |    30 |   103 ||   174
  Use: Scroll            |     9 |     1 |     8 ||    18
       Potion            |       |     1 |     1 ||     2
